| TOP OF THE 1ST |
|
Kansas City Royals batting - Pitching for Milwaukee Brewers : RHP Leonardo Miranda
|
|
Pitching: RHP Leonardo Miranda
|
|
|
Batting: RHB Jesús Martínez
|
0-0: Ground out 4-3 (Groundball, 4, EV 66.3 MPH)
|
|
Batting: LHB Hervé Masson
|
0-0: SINGLE (Line Drive, 4M, EV 95.6 MPH)
|
|
Batting: RHB Dave García
|
0-0: Called Strike 0-1: Swinging Strike 0-2: Ball 1-2: Fly out, F7 (Flyball, 78D, EV 105.0 MPH)
|
|
Batting: RHB Joe Washington
|
0-0: Foul Ball, location: 5FF 0-1: Called Strike Hervé Masson steals 2nd base 0-2: Fly out, F8 (Flyball, 8RS, EV 86.9 MPH)
|
| Top of the 1st over - 0 runs, 1 hit, 0 errors, 1 left on base; Kansas City 0 - Milwaukee 0 |
| BOTTOM OF THE 1ST |
|
Milwaukee Brewers batting - Pitching for Kansas City Royals : LHP Colin Rodgers
|
|
Pitching: LHP Colin Rodgers
|
|
|
Batting: RHB Monte Harrison
|
0-0: Ball 1-0: Called Strike 1-1: Ball 2-1: Ball 3-1: Foul Ball, location: 9LMF 3-2: Ground out 6-3 (Groundball, 6, EV 106.3 MPH)
|
|
Batting: RHB Steve Sanders
|
0-0: Ground out 5-3 (Groundball, 56, EV 101.9 MPH)
|
|
Batting: RHB Blake Anderson
|
0-0: SINGLE (Groundball, 4D, EV 94.4 MPH)
|
|
Batting: RHB Jim Smith
|
0-0: Swinging Strike 0-1: Ball 1-1: Ball 2-1: Called Strike 2-2: Reached on error, E5 (Groundball, 56S, EV 79.4 MPH) Blake Anderson to second
|
|
Batting: RHB Kevin Thompson
|
0-0: Called Strike 0-1: Ball 1-1: Swinging Strike 1-2: DOUBLE (Line Drive, 9LD, EV 103.1 MPH) Blake Anderson scores Jim Smith to third Runner from 3rd tries for Home, SAFE, throw by RF to trailing runner, OUT at third! 9-3-5
|
| Bottom of the 1st over - 2 runs, 2 hits, 1 error, 0 left on base; Kansas City 0 - Milwaukee 2 |
| TOP OF THE 2ND |
|
Kansas City Royals batting - Pitching for Milwaukee Brewers : RHP Leonardo Miranda
|
|
Batting: RHB Jorge Palmeiro
|
0-0: Called Strike 0-1: Swinging Strike 0-2: Ball 1-2: Foul Ball, location: 3SF 1-2: Ball 2-2: Foul Ball, location: 5FF 2-2: Foul Ball, location: 9LDF 2-2: Foul Ball, location: 2F 2-2: Strikes out swinging
|
|
Batting: LHB Forrest Wall
|
0-0: Ball 1-0: Foul Ball, location: 7LDF 1-1: Foul Ball, location: 3FF 1-2: SINGLE (Groundball, 34D, EV 95.0 MPH)
|
|
Batting: SHB Raul Mondesi
|
0-0: Called Strike 0-1: Ball 1-1: Foul Ball, location: 2F 1-2: Strikes out swinging
|
|
Batting: SHB Ismaldo Rodriguez
|
0-0: Swinging Strike 0-1: Swinging Strike 0-2: Strikes out looking
|
| Top of the 2nd over - 0 runs, 1 hit, 0 errors, 1 left on base; Kansas City 0 - Milwaukee 2 |
| BOTTOM OF THE 2ND |
|
Milwaukee Brewers batting - Pitching for Kansas City Royals : LHP Colin Rodgers
|
|
Batting: RHB Christian Arroyo
|
0-0: Foul Ball, location: 2F 0-1: Foul Ball, location: 2F 0-2: Fly out, F8 (Flyball, 8LD, EV 98.8 MPH)
|
|
Batting: LHB Billy Wood
|
0-0: Ball 1-0: Fly out, F9 (Line Drive, 89S, EV 98.8 MPH)
|
|
Batting: RHB Tim Campbell
|
0-0: Called Strike 0-1: Fly out, F9 (Flyball, 9, EV 90.6 MPH)
|
| Bottom of the 2nd over - 0 runs, 0 hits, 0 errors, 0 left on base; Kansas City 0 - Milwaukee 2 |
| TOP OF THE 3RD |
|
Kansas City Royals batting - Pitching for Milwaukee Brewers : RHP Leonardo Miranda
|
|
Batting: LHB Wilfi Payan
|
0-0: Ball 1-0: SOLO HOME RUN (Flyball, 7LD, EV 94.4 MPH), Distance : 359 ft
|
|
Batting: RHB Jesús Martínez
|
0-0: Foul Ball, location: 5FF 0-1: Ground out 5-3 (Groundball, 5, EV 105.0 MPH)
|
|
Batting: LHB Hervé Masson
|
0-0: Ball 1-0: Foul Ball, location: 2F 1-1: Ball 2-1: Ball 3-1: Called Strike 3-2: Strikes out swinging
|
|
Batting: RHB Dave García
|
0-0: Ball 1-0: Fly out, F3 (Popup, 3F, EV 66.3 MPH)
|
| Top of the 3rd over - 1 run, 1 hit, 0 errors, 0 left on base; Kansas City 1 - Milwaukee 2 |
| BOTTOM OF THE 3RD |
|
Milwaukee Brewers batting - Pitching for Kansas City Royals : LHP Colin Rodgers
|
|
Batting: LHB Tim Nolan
|
0-0: Called Strike 0-1: Fly out, F9 (Flyball, 9, EV 88.8 MPH)
|
|
Batting: RHB Monte Harrison
|
0-0: Ball 1-0: Called Strike 1-1: Ball 2-1: Foul Ball, location: 2F 2-2: Ball 3-2: Foul Ball, location: 2F 3-2: Base on Balls
|
|
Batting: RHB Steve Sanders
|
0-0: Ball 1-0: Foul Ball, location: 2F 1-1: Swinging Strike 1-2: Ball 2-2: Grounds into double play, 4-6-3 (Groundball, 4, EV 97.5 MPH)
|
| Bottom of the 3rd over - 0 runs, 0 hits, 0 errors, 0 left on base; Kansas City 1 - Milwaukee 2 |
| TOP OF THE 4TH |
|
Kansas City Royals batting - Pitching for Milwaukee Brewers : RHP Leonardo Miranda
|
|
Batting: RHB Joe Washington
|
0-0: Ball 1-0: Called Strike 1-1: Ground out 6-3 (Groundball, 6, EV 89.4 MPH)
|
|
Batting: RHB Jorge Palmeiro
|
0-0: Foul Ball, location: 9LSF 0-1: Called Strike 0-2: Ball 1-2: Ground out 3-1 (Groundball, 34, EV 110.6 MPH)
|
|
Batting: LHB Forrest Wall
|
0-0: Ball 1-0: Called Strike 1-1: Ball 2-1: Ball 3-1: Foul Ball, location: 7LSF 3-2: Foul Ball, location: 23F 3-2: Foul Ball, location: 2F 3-2: Foul Ball, location: 7LDF 3-2: SINGLE (Groundball, 6MD, EV 107.5 MPH)
|
|
Batting: SHB Raul Mondesi
|
0-0: Ball 1-0: Foul Ball, location: 2F 1-1: Ground out 5-3 (Groundball, 56, EV 105.0 MPH)
|
| Top of the 4th over - 0 runs, 1 hit, 0 errors, 1 left on base; Kansas City 1 - Milwaukee 2 |
| BOTTOM OF THE 4TH |
|
Milwaukee Brewers batting - Pitching for Kansas City Royals : LHP Colin Rodgers
|
|
Batting: RHB Blake Anderson
|
0-0: Ground out 6-3 (Groundball, 4MD, EV 95.0 MPH)
|
|
Batting: RHB Jim Smith
|
0-0: Foul Ball, location: 23FF 0-1: Fly out, F8 (Flyball, 8LXD, EV 96.9 MPH)
|
|
Batting: RHB Kevin Thompson
|
0-0: Swinging Strike 0-1: Ball 1-1: Foul Ball, location: 2F 1-2: Ball 2-2: Strikes out looking
|
| Bottom of the 4th over - 0 runs, 0 hits, 0 errors, 0 left on base; Kansas City 1 - Milwaukee 2 |
| TOP OF THE 5TH |
|
Kansas City Royals batting - Pitching for Milwaukee Brewers : RHP Leonardo Miranda
|
|
Batting: SHB Ismaldo Rodriguez
|
0-0: Ball 1-0: Foul Ball, location: 3SF 1-1: Ground out 6-3 (Groundball, 6, EV 80.6 MPH)
|
|
Batting: LHB Wilfi Payan
|
0-0: Called Strike 0-1: Ball 1-1: Foul Ball, location: 5DF 1-2: Foul Ball, location: 3FF 1-2: Foul Ball, location: 23FF 1-2: Fly out, F7 (Line Drive, 7D, EV 97.5 MPH)
|
|
Batting: RHB Jesús Martínez
|
0-0: Fly out, F9 (Line Drive, 9, EV 106.9 MPH)
|
| Top of the 5th over - 0 runs, 0 hits, 0 errors, 0 left on base; Kansas City 1 - Milwaukee 2 |
| BOTTOM OF THE 5TH |
|
Milwaukee Brewers batting - Pitching for Kansas City Royals : LHP Colin Rodgers
|
|
Batting: RHB Christian Arroyo
|
0-0: Called Strike 0-1: Ball 1-1: SINGLE (Line Drive, 89S, EV 94.4 MPH)
|
|
Batting: LHB Billy Wood
|
0-0: Ball 1-0: Grounds into double play, 6-4-3 (Groundball, 56, EV 83.8 MPH)
|
|
Batting: RHB Tim Campbell
|
0-0: Called Strike 0-1: Ball 1-1: Ball 2-1: Ball 3-1: Swinging Strike 3-2: Base on Balls
|
|
Batting: LHB Tim Nolan
|
0-0: Called Strike 0-1: Foul Ball, location: 2F 0-2: Fly out, F9 (Flyball, 9LM, EV 102.5 MPH)
|
| Bottom of the 5th over - 0 runs, 1 hit, 0 errors, 1 left on base; Kansas City 1 - Milwaukee 2 |
| TOP OF THE 6TH |
|
Kansas City Royals batting - Pitching for Milwaukee Brewers : RHP Leonardo Miranda
|
|
Batting: LHB Hervé Masson
|
0-0: Ball 1-0: Ground out 4-3 (Groundball, 4, EV 93.1 MPH)
|
|
Batting: RHB Dave García
|
0-0: Called Strike 0-1: Fly out, F8 (Flyball, 78S, EV 80.0 MPH)
|
|
Batting: RHB Joe Washington
|
0-0: Ball 1-0: Ball 2-0: Foul Ball, location: 9LSF 2-1: Ground out 5-3 (Groundball, 56S, EV 85.0 MPH)
|
| Top of the 6th over - 0 runs, 0 hits, 0 errors, 0 left on base; Kansas City 1 - Milwaukee 2 |
| BOTTOM OF THE 6TH |
|
Milwaukee Brewers batting - Pitching for Kansas City Royals : LHP Colin Rodgers
|
|
Batting: RHB Monte Harrison
|
0-0: Called Strike 0-1: Ball 1-1: Swinging Strike 1-2: Strikes out looking
|
|
Batting: RHB Steve Sanders
|
0-0: Ball 1-0: Fly out, F9 (Flyball, 9, EV 76.9 MPH)
|
|
Batting: RHB Blake Anderson
|
0-0: Swinging Strike 0-1: SINGLE (Line Drive, 56D, EV 109.4 MPH)
|
|
Batting: RHB Jim Smith
|
0-0: Ball 1-0: Ball 2-0: Fly out, F9 (Flyball, 89M, EV 93.1 MPH)
|
| Bottom of the 6th over - 0 runs, 1 hit, 0 errors, 1 left on base; Kansas City 1 - Milwaukee 2 |
| TOP OF THE 7TH |
|
Kansas City Royals batting - Pitching for Milwaukee Brewers : RHP Leonardo Miranda
|
|
Batting: RHB Jorge Palmeiro
|
0-0: Ball 1-0: Ground out 3-1 (Groundball, 13, EV 93.1 MPH)
|
|
Batting: LHB Forrest Wall
|
0-0: Fly out, F9 (Flyball, 9S, EV 93.8 MPH)
|
|
Batting: SHB Raul Mondesi
|
0-0: SOLO HOME RUN (Flyball, 7D, EV 98.1 MPH), Distance : 379 ft
|
|
Pitching: RHP Cody Allen
|
|
|
Batting: SHB Ismaldo Rodriguez
|
0-0: Called Strike 0-1: Ball 1-1: Swinging Strike 1-2: Strikes out swinging
|
| Top of the 7th over - 1 run, 1 hit, 0 errors, 0 left on base; Kansas City 2 - Milwaukee 2 |
| BOTTOM OF THE 7TH |
|
Milwaukee Brewers batting - Pitching for Kansas City Royals : LHP Colin Rodgers
|
|
Batting: RHB Kevin Thompson
|
0-0: Called Strike 0-1: SINGLE (Groundball, 34D, EV 108.8 MPH)
|
|
Batting: RHB Christian Arroyo
|
0-0: SINGLE (Line Drive, 8LS, EV 93.1 MPH) Kevin Thompson to second
|
|
Batting: LHB Billy Wood
|
0-0: Ball 1-0: Fly out, F9 (Flyball, 9LSF, EV 95.6 MPH)
|
|
Batting: RHB Tim Campbell
|
0-0: Ball Wild Pitch! Kevin Thompson to third Christian Arroyo to second 1-0: Intentional Walk
|
|
Batting: LHB Tim Nolan
|
0-0: Ball 1-0: Fly out, F6 (Popup, P, EV 86.3 MPH)
|
|
Batting: RHB Monte Harrison
|
0-0: Ball 1-0: Ball 2-0: Ball 3-0: Base on Balls Kevin Thompson scores Christian Arroyo to third Tim Campbell to second
|
|
Batting: RHB Steve Sanders
|
0-0: Called Strike 0-1: Swinging Strike 0-2: Ball 1-2: Fly out, F7 (Flyball, 7LM, EV 92.5 MPH)
|
| Bottom of the 7th over - 1 run, 2 hits, 0 errors, 3 left on base; Kansas City 2 - Milwaukee 3 |
| TOP OF THE 8TH |
|
Kansas City Royals batting - Pitching for Milwaukee Brewers : RHP Cody Allen
|
|
Pitching: RHP Joe Malone
|
|
|
Batting: LHB Wilfi Payan
|
0-0: Ball 1-0: Ball 2-0: Called Strike 2-1: Foul Ball, location: 9LDF 2-2: Foul Ball, location: 5FF 2-2: Ball 3-2: Foul Ball, location: 5FF 3-2: Base on Balls
|
|
Batting: RHB Jesús Martínez
|
0-0: Grounds into double play, 4-6-3 (Groundball, 4, EV 88.1 MPH)
|
|
Batting: LHB Hervé Masson
|
0-0: Ball 1-0: Ball 2-0: Fly out, F9 (Flyball, 9LM, EV 104.4 MPH)
|
| Top of the 8th over - 0 runs, 0 hits, 0 errors, 0 left on base; Kansas City 2 - Milwaukee 3 |
| BOTTOM OF THE 8TH |
|
Milwaukee Brewers batting - Pitching for Kansas City Royals : LHP Colin Rodgers
|
|
Batting: RHB Blake Anderson
|
0-0: Foul Ball, location: 5F 0-1: Swinging Strike 0-2: Strikes out swinging
|
|
Batting: RHB Jim Smith
|
0-0: Foul Ball, location: 9LSF 0-1: Ball 1-1: Foul Ball, location: 5FF 1-2: Fly out, F6 (Line Drive, 6D, EV 74.4 MPH)
|
|
Batting: RHB Kevin Thompson
|
0-0: Swinging Strike 0-1: Foul Ball, location: 3DF 0-2: Ball 1-2: Foul Ball, location: 7LMF 1-2: Ball 2-2: SINGLE (Groundball, 6MD, EV 110.6 MPH)
|
|
Pitching: RHP Esteban Muñóz
|
|
|
Batting: RHB Christian Arroyo
|
0-0: Ball 1-0: Fly out, F8 (Flyball, 8RM, EV 83.1 MPH)
|
| Bottom of the 8th over - 0 runs, 1 hit, 0 errors, 1 left on base; Kansas City 2 - Milwaukee 3 |
| TOP OF THE 9TH |
|
Kansas City Royals batting - Pitching for Milwaukee Brewers : RHP Joe Malone
|
|
Pitching: LHP Ed Gaines
|
|
|
Now at 3B: Isan Diaz
|
|
|
Batting: RHB Dave García
|
0-0: Ball 1-0: Called Strike 1-1: Ground out 4-3 (Groundball, 4, EV 87.5 MPH)
|
|
Batting: RHB Joe Washington
|
0-0: Called Strike 0-1: Fly out, F9 (Flyball, 89M, EV 90.6 MPH)
|
|
Batting: RHB Jorge Palmeiro
|
0-0: Foul Ball, location: 2RF 0-1: Called Strike 0-2: Strikes out swinging
|
| Top of the 9th over - 0 runs, 0 hits, 0 errors, 0 left on base; Kansas City 2 - Milwaukee 3 |
|